 Dungeon Crawl Stone Soup version bcrawl-1.31.4 (webtiles) character file.

Game seed: 6291620077415736909

148069 RaHiT the Ducker (level 5, 0/51 HPs)
             Began as a Fairy Warper on May 28, 2021.
             Slain by a water moccasin (9 damage)
             ... on level 3 of the Dungeon.
             The game lasted 00:15:31 (2925 turns).

RaHiT the Ducker (Fairy Warper)                     Turns: 2925, Time: 00:15:32

Health: 0/51       AC:  4    Str: 14    XL:     5   Next: 87%
Magic:  13/13      EV: 17    Int: 17    God:
Gold:   127        SH:  4    Dex: 12    Spells: 2/12 levels left

rFire    . . .     SeeInvis +   b - +0 dagger
rCold    . . .     Gourm    .   (shield restricted)
rNeg     . . .     Faith    .   (armour unavailable)
rPois    .         Spirit   .   l - +0 hat
rElec    .         Reflect  .   (no cloak)
rCorr    .         Harm     .   (no gloves)
MR       .....                  (no boots)
Stlth    ..........             (no amulet)
HPRegen  0.17/turn              o - ring of see invisible
MPRegen  0.13/turn              (no ring)

@: berserking, lethally poisoned (0 -> -23), flying evasively, very quick
A: small, magic attunement, unstealthy, unfitting armour, able to fly, AC/SH +4
a: Stop Flying


You were on level 3 of the Dungeon.
You were hungry.

You visited 1 branch of the dungeon, and saw 3 of its levels.

You collected 127 gold pieces.

Inventory:

Hand Weapons
 a - a +0 hand crossbow
 b - a +0 dagger (weapon)
Missiles
 f - 551 bolts
 i - 112 arrows
 k - 917 stones (quivered)
 u - 199 poisoned needles
Armour
 l - a +0 hat (worn)
 v - a +0 buckler
Jewellery
 o - a ring of see invisible (left hand)
Wands
 s - a wand of random effects (11)
Scrolls
 c - a scroll of remove curse
 d - a scroll of blinking
 e - 2 scrolls of amnesia
 g - 5 scrolls of enchant armour
 p - 2 scrolls of teleportation {unknown}
 q - 4 scrolls of immolation {unknown}
 w - a scroll of fear {unknown}
Potions
 h - 2 potions of heal wounds
 j - a potion of curing {unknown}
 n - a potion of haste {unknown}
 r - a potion of magic {unknown}
 t - a potion of agility {unknown}
 x - a potion of degeneration {unknown}
 A - a potion of berserk rage
Comestibles
 m - 4 rations {!d}
 z - 3 chunks of flesh


   Skills:
 - Level 2.0 Fighting
 + Level 2.4 Crossbows
 + Level 4.4 Dodging
 + Level 1.5 Shields
 + Level 4.3 Spellcasting
 - Level 4.0 Translocations
 + Level 0.2 Evocations


You had 2 spell levels left.
You knew the following spells:

 Your Spells              Type           Power        Failure   Level  Hunger
a - Blink Other           Tloc           ###...       3%          1    None
b - Blink                 Tloc           N/A          4%          2    None
c - Portal Projectile     Tloc           ###...       9%          3    None
d - Teleport Other        Tloc           ###.....     9%          3    None
o - Apportation           Tloc           ###...       3%          1    None

Your spell library contained the following spells:

 Spells                   Type           Power        Failure   Level  Hunger
 Passage of Golubria      Tloc           N/A          63%         5    None


Dungeon Overview and Level Annotations

Branches:
Dungeon (3/12)

Altars:
Gozag
Xom


Innate Abilities, Weirdness & Mutations

Your spells do not cause hunger and MP costs are reduced by 1.
Your bright wings attract enemies. (Stealth-)
You cannot fit into any form of body armour.
Your shimmering scales are hard and can block incoming attacks. (AC +4, SH +4)
You are small and have problems with some larger weapons.
You can fly continuously.


Message History

It was a potion of berserk rage.
A red film seems to cover your vision as you go berserk!
You feel yourself moving faster!
You feel mighty!
* * * LOW HITPOINT WARNING * * *
You feel sick.
You are too berserk!
You are too berserk!
You are too berserk!
b - a +0 dagger (weapon)
You feel a strong urge to attack something.
* * * LOW HITPOINT WARNING * * *
You feel sick.
You are too berserk!
* * * LOW HITPOINT WARNING * * *
You feel sick.
You hit the water moccasin.
The water moccasin is almost dead.
* * * LOW HITPOINT WARNING * * *
You feel sick. The water moccasin bites you!
You die...

###########
..........# ##
###..####.# ##.
#.......#<#########..
#.>....÷.............
#
#.#..##.#.#########>.
#.##...b##.#.# ##.
#.....S@.....# ##
####.......### ##
####.########### #.
#.# #.......# #. ...
#.......# #.
##..##.......# #.
...##.......# #.
##.##....÷<.# #.
.##...#...# ##.


You could see a water moccasin.

Vanquished Creatures
  An ogre (D:3)
  A crimson imp (D:3)
  A worker ant (D:3)
  An adder (D:3)
  3 oozes (D:3)
  A worm (D:2)
  A dart slug (D:3)
  5 leopard geckos
  2 orcs
  A ball python (D:2)
  3 bats
  3 giant cockroaches
  3 hobgoblins
  A jackal (D:3)
  2 frilled lizards (D:3)
  3 goblins
  6 kobolds
  4 rats
42 creatures vanquished.

Notes
Turn   | Place    | Note
-------+----------+-------------------------------------------
     0 | D:1      | RaHiT the Fairy Warper began the quest for the Orb.
     0 | D:1      | Reached XP level 1. HP: 14/14 MP: 6/6
   282 | D:1      | Learned a level 1 spell: Apportation
   287 | D:1      | Reached XP level 2. HP: 19/19 MP: 7/7
   898 | D:2      | Found an opulent altar of Gozag.
  1228 | D:2      | Reached XP level 3. HP: 24/24 MP: 9/9
  1633 | D:3      | Noticed a water moccasin
  2002 | D:3      | Reached XP level 4. HP: 14/29 MP: 9/11
  2354 | D:3      | Learned a level 2 spell: Blink
  2358 | D:3      | Learned a level 3 spell: Portal Projectile
  2362 | D:3      | Learned a level 3 spell: Teleport Other
  2536 | D:3      | Noticed an ogre
  2539 | D:3      | Killed an ogre
  2540 | D:3      | Reached skill level 1 in Shields
  2540 | D:3      | Reached XP level 5. HP: 34/34 MP: 11/13
  2801 | D:3      | Found a shimmering altar of Xom.
  2925 | D:3      | Slain by a water moccasin

Skill      XL: |  1  2  3  4 |
---------------+-------------+-----
Fighting       | 2 |  2.0
Dodging        | 3 4 |  4.4
Spellcasting   | 3 4 |  4.3
Crossbows      | 2 |  2.4
Translocations | 4 |  4.0
Shields        | 1 |  1.5
Evocations     | |  0.2

Action                   |  1- 3 |  4- 6 || total
-------------------------+-------+-------++-------
Melee: Dagger            |   180 |    82 ||   262
 Fire: Hand crossbow     |    22 |    43 ||    65
 Cast: Blink Other       |     3 |    42 ||    45
  Use: Scroll            |     3 |       ||     3
       Potion            |       |     3 ||     3
  Eat: Chunk             |     5 |     6 ||    11
       Ration            |     1 |       ||     1
Armor: Skin              |    31 |    10 ||    41
Dodge: Dodged            |   155 |    64 ||   219
Block: Other             |    29 |    20 ||    49
